 Dungeon Crawl Stone Soup version 0.29-a0-717-g6dac4ea423 (webtiles) character file.

Game seed: 7067040743119342887

32 HoaS the Shooter (level 3, -3/21 HPs)
             Began as a Tengu Hunter on June 26, 2022.
             Slain by a worm (8 damage)
             ... on level 2 of the Dungeon.
             The game lasted 00:02:02 (935 turns).

HoaS the Shooter (Tengu Hunter)                      Turns: 935, Time: 00:02:02

Health: -3/21      AC:  5    Str: 11    XL:     3   Next: 27%
Magic:  4/4        EV: 12    Int:  9    God:
Gold:   54         SH:  0    Dex: 19    Spells: 2/2 levels left

rFire   . . .      SeeInvis .   a - +0 shortbow
rCold   . . .      Faith    .   (shield currently unavailable)
rNeg    . . .      Spirit   .   c - +0 leather armour
rPois   .          Reflect  .   (helmet restricted)
rElec   .          Harm     .   d - +1 cloak
rCorr   .          Rampage  .   (no gloves)
Will    .....                   (boots unavailable)
Stlth   ++........              (no amulet)
HPRegen 0.07/turn               (no ring)
MPRegen 0.09/turn               (no ring)

@: no status effects
A: beak, talons 3
a: no special abilities


You were on level 2 of the Dungeon.
You visited 1 branch of the dungeon, and saw 2 of its levels.

You collected 54 gold pieces.

Inventory:

Hand Weapons
 a - a +0 shortbow (weapon)
Armour
 c - a +0 leather armour (worn)
 d - a +1 cloak (worn)
Jewellery
 n - a ring of fire
Scrolls
 b - a scroll of immolation
 e - 2 scrolls of teleportation
Potions
 f - a potion of brilliance {unknown}
 g - a potion of lignification {unknown}
 j - a potion of curing {unknown}


   Skills:
 - Level 2.0 Fighting
 + Level 5.5 Ranged Weapons
 - Level 2.1 Dodging
 - Level 1.0 Stealth


You had 2 spell levels left.
You didn't know any spells.
Your spell library was empty.

Dungeon Overview and Level Annotations

Branches:
Dungeon (2/15)

Altars:


Innate Abilities, Weirdness & Mutations

You have a beak for a mouth.
You have claws for feet.


Message History

Aim: a ball python (heavily wounded, constricting you, 61% to hit)
You shoot an arrow. The arrow hits the ball python!
You kill the ball python!
The hobgoblin barely misses you.
Fire: a) +0 shortbow
Press: ? - help, Q - select action Shift-Dir - straight line, f - hobgoblin
Aim: a hobgoblin (64% to hit)
You shoot an arrow. The arrow closely misses the hobgoblin.
The arrow completely misses the worm.
The hobgoblin barely misses you.
Fire: a) +0 shortbow
Press: ? - help, Q - select action Shift-Dir - straight line, f/p - hobgoblin
Aim: a hobgoblin (64% to hit)
You shoot an arrow. The arrow hits the hobgoblin.
You kill the hobgoblin!
Fire: a) +0 shortbow
Press: ? - help, Q - select action Shift-Dir - straight line, f - worm
Aim: a worm (81% to hit)
You shoot an arrow. The arrow hits the worm!
The worm is moderately wounded.
Fire: a) +0 shortbow
Press: ? - help, Q - select action Shift-Dir - straight line, f/p - worm
Aim: a worm (moderately wounded, 81% to hit)
You shoot an arrow.
The arrow hits the worm but does no damage.
The worm is moderately wounded.
The worm closely misses you.
Fire: a) +0 shortbow
Press: ? - help, Q - select action Shift-Dir - straight line, f/p - worm
Aim: a worm (moderately wounded, 81% to hit)
You shoot an arrow. The arrow hits the worm.
The worm is severely wounded.
Fire: a) +0 shortbow
Press: ? - help, Q - select action Shift-Dir - straight line, f/p - worm
Aim: a worm (severely wounded, 81% to hit)
You shoot an arrow.
The arrow hits the worm but does no damage.
The worm is severely wounded.
The worm bites you!
You die...

#........# #........#
#........# #########
#........# #.......#
#........# #.......#
#........# ###.......#
#........#### #.........#
#...........#######.#.......#
#........##.##.w@...#########
#.#..######....###### ,...#*
###..# ,..#* #g.# ,..,* #..#
,,*,*** ***#..#
,**,,,***#.....#*
,****,.....###..#
****#**######
,****,....,,,...#
**,,,..##.....


You could see a worm.

Vanquished Creatures
  An adder (D:2)
  A bat (D:1)
  2 endoplasms (D:1)
  5 goblins (D:1)
  A hobgoblin (D:2)
  3 quokkas
  4 ball pythons
  2 kobolds (D:1)
  A rat (D:1)
20 creatures vanquished.

Notes
Turn   | Place    | Note
-------+----------+-------------------------------------------
     0 | D:1      | HoaS the Tengu Hunter began the quest for the Orb.
     0 | D:1      | Reached XP level 1. HP: 12/12 MP: 2/2
   249 | D:1      | Reached XP level 2. HP: 17/17 MP: 3/3
   306 | D:1      | Reached skill level 5 in Ranged Weapons
   770 | D:1      | Found a faded altar of an unknown god.
   892 | D:2      | Reached XP level 3. HP: 21/21 MP: 4/4
   935 | D:2      | Slain by a worm

Illustrated notes

Levels and vault maps discovered:
D:1:      saegor_arrival_simple_c, layout_basic,
          hellmonk_ecumenical_altar_prayer_group, minivault_25
D:2:      layout_rooms, grunt_ministairs_1

Skill      XL: |  1  2 |
---------------+-------+-----
Ranged Weapons | 5 |  5.5
Fighting       | |  2.0
Dodging        | |  2.1
Stealth        | |  1.0

Action                   || total
-------------------------++-------
 Fire: Shortbow          ||    54
  Use: Scroll            ||     8
Armor: Leather armour    ||     5
Dodge: Dodged            ||    19

Table legend: (Time is in decaauts)
 A = Elapsed time spent in this place.
 B = Non-inter-level travel time spent in this place.
 C = Inter-level travel time spent in this place.
 D = Time resting spent in this place.
 E = Time spent auto-exploring this place.
 F = Levels seen in this place.
 G = Mean time per level.
                   A        B        C        D        E       F      G
               +--------+--------+--------+--------+--------+-----+--------+
         Total |    950 |    929 |     21 |    155 |    638 |   2 |  475.0 |
       Dungeon |    950 |    929 |     21 |    155 |    638 |   2 |  475.0 |
               +--------+--------+--------+--------+--------+-----+--------+

Top non-repeatable levels by time:
     D:1: 849 daAuts
     D:2: 100 daAuts
